 Dungeon Crawl Stone Soup version 0.28.0-43-g3370ac3207 (webtiles) character file.

Game seed: 9865132070348413891

736 Arcadio the Nimble (level 7, -1/58 HPs)
             Began as a Merfolk Gladiator on Mar 24, 2022.
             Was a Believer of Zin.
             Succumbed to a killer bee's poison
             ... on level 8 of the Dungeon.
             The game lasted 00:14:35 (5997 turns).

Arcadio the Nimble (Merfolk Gladiator)              Turns: 5997, Time: 00:14:36

Health: -1/58      AC:  6    Str: 16    XL:     7   Next: 74%
Magic:  7/7        EV: 15    Int:  8    God:    Zin [**....]
Gold:   107        SH:  0    Dex: 15    Spells: 6/6 levels left

rFire   + + .      SeeInvis .   z - +4 flail of Yesterday {freeze, rF++ rC-}
rCold   . . .      Faith    .   (no shield)
rNeg    . . .      Spirit   .   b - +0 leather armour
rPois   .          Reflect  .   c - +0 helmet
rElec   .          Harm     .   (no cloak)
rCorr   .          Rampage  .   j - +0 pair of gloves
Will    .....                   r - +0 pair of boots
Stlth   +.........              (no amulet)
HPRegen 0.19/turn               p - ring of protection from cold
MPRegen 0.10/turn               (no ring)

@: lethally poisoned (-1 -> -4), on berserk cooldown, slowed, very slow
A: (nimble swimmer 2), mertail
a: Renounce Religion, Recite, Vitalisation, Donate Gold


You were on level 8 of the Dungeon.
You worshipped Zin.
Zin was pleased with you.
You visited 1 branch of the dungeon, and saw 6 of its levels.

You collected 238 gold pieces.
You donated 131 gold pieces to Zin.

Inventory:

Hand Weapons
 a - a +0 rapier
 i - a +0 vampiric hand axe
 m - a +0 short sword of draining
 z - the +4 flail of Yesterday (weapon) {freeze, rF++ rC-}
   (You found it on level 4 of the Dungeon)

   It freezes those it strikes, dealing additional cold damage.
   It can also slow down cold-blooded creatures.
   rF:        It greatly protects you from fire.
   rC:        It makes you vulnerable to cold.
Missiles
 d - 3 throwing nets (quivered)
Armour
 b - a +0 leather armour (worn)
 c - a +0 helmet (worn)
 h - a +0 ring mail
 j - a +0 pair of gloves (worn)
 r - a +0 pair of boots (worn)
 s - a +0 helmet
Jewellery
 p - a ring of protection from cold (left hand)
 t - a +4 ring of evasion
 C - an amulet of the acrobat
Wands
 q - a wand of flame (15)
Scrolls
 e - 2 scrolls of teleportation {unknown}
 f - a scroll of acquirement {unknown}
 g - 3 scrolls of identify
 n - 2 scrolls of noise {unknown}
 u - a scroll of fog {unknown}
 v - 2 scrolls of enchant armour {unknown}
 y - a scroll of torment {unknown}
Potions
 l - 5 potions of attraction
 w - a potion of invisibility {unknown}
 x - a potion of lignification {unknown}
 B - 2 potions of brilliance {unknown}
 D - a potion of flight {unknown}


   Skills:
 + Level 6.1 Fighting
 - Level 5.5 Short Blades
 - Level 2.0 Throwing
 + Level 8.0 Dodging


You had 6 spell levels left.
You didn't know any spells.
Your spell library contained the following spells:

 Spells                   Type           Power      Damage    Failure   Level
 Magic Dart               Conj           0%         1d3       47%         1
 Call Imp                 Summ           0%         N/A       63%         2
 Corpse Rot               Necr/Air       0%         N/A       63%         2
 Poisonous Vapours        Pois/Air       0%         N/A       63%         2
 Mephitic Cloud           Conj/Pois/Air  0%         N/A       85%         3
 Tukima's Dance           Hex            0%         N/A       85%         3
 Passage of Golubria      Tloc           0%         N/A       99%         4
 Yara's Violent Unravell  Hex/Tmut       0%         3d3       100%        5


Dungeon Overview and Level Annotations

Branches:
Dungeon (5/15)
 Temple: D:4-7

Altars:
Ashenzari
Dithmenos
Elyvilon
Hepliaklqana
Sif Muna
Xom
Zin

Shops:
D:3 ?*(?

Annotations:
D:8 Erica, Pikel


Innate Abilities, Weirdness & Mutations

((You are very nimble when in or above water. (Stealth+, EV+, Speed+++)))
Your lower body shifts to a powerful aquatic tail in water.


Message History

A killer bee comes into view.
The killer bee buzzes angrily. x2
A killer bee comes into view.
The wyvern barely misses you. The killer bee closely misses you.
The killer bee stings you but does no damage. x2
The killer bee closely misses you.
The killer bee buzzes angrily.
The killer bee closely misses you. x2
The killer bee stings you!
* * * LOW HITPOINT WARNING * * *
The killer bee stings you.
* * * LOW HITPOINT WARNING * * *
The killer bee closely misses you. The killer bee misses you.
The killer bee stings you.
* * * LOW HITPOINT WARNING * * *
A red film seems to cover your vision as you go berserk!
You feel yourself moving faster!
You feel mighty! The killer bee barely misses you. The killer bee stings you.
* * * LOW HITPOINT WARNING * * *
You are lethally poisoned!
The killer bee poisons you!
You feel a strong urge to attack something.
* * * LOW HITPOINT WARNING * * *
You feel sick.
The killer bee stings you but does no damage.
You feel your anger nearly subside.
* * * LOW HITPOINT WARNING * * *
You feel sick.
You are no longer berserk.
You are exhausted.
You feel yourself slow down.
* * * LOW HITPOINT WARNING * * *
You feel sick. The killer bee closely misses you.
* * * LOW HITPOINT WARNING * * *
You feel sick. The killer bee closely misses you.
Pikel, Merchant of Souls comes into view.
He is wielding a +1 whip of flaming.
The wyvern hisses menacingly.
The killer bee closely misses you.
You die...

##5gg.g.g..Y......
#l##..gg....###.#
#.##.....!.g....#
#S##........##...
##y##.......gg...#
#...##.####.......
#yy.#.......###..#
#.y.........# #..#
#@###.......###Y.#
#.# ..#K...g....#
#.# ....##.####.#
#.# ..####.####.#
#.. .......g...g..
### #.......###.##
####.#### #.# #.
#.## ##.# #gg.


You could see a water moccasin, a wyvern and 4 killer bees.

Vanquished Creatures
  A necrophage (D:4)
  2 ogres (D:4)
  A phantom (D:4)
  A bullfrog (D:3)
  A hound (D:4)
  An orc priest (D:5)
  Terence (D:2)
  2 orc wizards (D:5)
  A hound skeleton (D:4)
  Robin (D:2)
  6 adders
  An ufetubus (D:4)
  4 adder skeletons (D:4)
  2 worms
  10 orcs
  6 ball pythons
  3 bats
  6 endoplasms
  5 giant cockroaches
  15 goblins
  8 hobgoblins
  9 jackals
  5 kobolds
  3 quokkas
  7 frilled lizards
  3 rats
105 creatures vanquished.

Vanquished Creatures (others)
  A goblin (D:2)
1 creature vanquished.

Grand Total: 106 creatures vanquished

Notes
Turn   | Place    | Note
-------+----------+-------------------------------------------
     0 | D:1      | Arcadio the Merfolk Gladiator began the quest for the Orb.
     0 | D:1      | Reached XP level 1. HP: 16/16 MP: 1/1
   540 | D:1      | Reached XP level 2. HP: 17/23 MP: 2/2
   657 | D:1      | Found a faded altar of an unknown god.
  1113 | D:1      | Reached XP level 3. HP: 28/28 MP: 3/3
  1493 | D:2      | Noticed Robin
  2072 | D:2      | Killed Robin
  2073 | D:2      | Reached XP level 4. HP: 26/35 MP: 4/4
  2085 | D:2      | Reached skill level 5 in Dodging
  2413 | D:2      | Noticed Terence
  2445 | D:2      | Killed Terence
  2446 | D:2      | Reached XP level 5. HP: 25/41 MP: 5/5
  2877 | D:3      | Found Boatean's Magic Scroll Shoppe.
  2887 | D:3      | Found Xoalagax's Assorted Antiques.
  2927 | D:3      | Reached skill level 5 in Short Blades
  3139 | D:3      | Found Berpha Haig's Magic Scroll Shop.
  3152 | D:3      | Found Jannel's Antique Weapon Shoppe.
  3252 | D:3      | Found a shimmering blue altar of Sif Muna.
  3263 | D:3      | Found a white marble altar of Elyvilon.
  4003 | D:4      | Reached XP level 6. HP: 48/48 MP: 6/6
  4036 | D:4      | Reached skill level 6 in Dodging
  4074 | D:4      | Found a shimmering altar of Xom.
  4075 | D:4      | Found a shadowy altar of Dithmenos.
  4076 | D:4      | Found a hazy altar of Hepliaklqana.
  4080 | D:4      | Found a glowing silver altar of Zin.
  4086 | D:4      | Became a worshipper of Zin the Law-Giver
  4086 | D:4      | Reached * piety under Zin
  4277 | D:4      | Reached ** piety under Zin
  4376 | D:4      | Identified the +4 flail of Yesterday {freeze, rF++ rC-}
  4827 | D:5      | Entered Level 5 of the Dungeon
  4998 | D:5      | Noticed a necrophage
  5006 | D:4      | Killed a necrophage
  5007 | D:4      | Reached skill level 5 in Fighting
  5007 | D:4      | Reached skill level 7 in Dodging
  5007 | D:4      | Reached XP level 7. HP: 44/56 MP: 7/7
  5257 | D:5      | Donated 108 gold pieces to Zin
  5402 | D:5      | Found a broken altar of Ashenzari.
  5759 | D:4      | Reached skill level 8 in Dodging
  5944 | D:5      | You fall into a shaft and drop 3 floors!
  5944 | D:8      | Noticed Erica
  5950 | D:8      | Noticed a wyvern
  5992 | D:8      | HP: 4/87 [poisoned by a killer bee]
  5995 | D:8      | HP: 1/58 [poisoned by a killer bee]
  5996 | D:8      | Noticed Pikel
  5997 | D:8      | Succumbed to a killer bee's poison

Illustrated notes

Levels and vault maps discovered:
D:1:      lightli_arrival_noodles, layout_basic,
          ebering_ecumenical_altar_petrified, serial_rivers,
          chequers_serial_rivers_room_b, chequers_serial_rivers_large_a,
          chequers_serial_rivers_room_b, chequers_serial_rivers_micro_e,
          chequers_serial_rivers_room_b, chequers_serial_rivers_small_b
D:2:      layout_rooms, uniq_terence, uniq_robin
D:3:      layout_loops_corners, amethyst_overflow_temple_binary, serial_shops,
          nicolae_shop_stone, nicolae_shop_hallway_stairs, shop_fountains, shop,
          minivault_26, minmay_cupped
D:4:      layout_gridville, minitemple, minivault_23
D:5:      layout_rooms, cheibrodos_ashenzari_chains, minmay_temple_entry_tees
D:8:      layout_loops_cross, uniq_pikel, uniq_erica, uniq_harold, uniq_joseph

Skill      XL: |  1  2  3  4  5  6  7 |
---------------+----------------------+-----
Short Blades   | 4 5 |  5.5
Fighting       | 3 4 5 6 |  6.1
Dodging        | 5 7 8 |  8.0
Throwing       | |  2.0

Action                   |  1- 3 |  4- 6 |  7- 9 || total
-------------------------+-------+-------+-------++-------
Melee: Rapier            |    62 |    48 |       ||   110
       Punch             |     2 |     2 |       ||     4
       Short sword       |    66 |   158 |       ||   224
       Flail             |       |    41 |    25 ||    66
Invok: Recite            |       |     1 |       ||     1
       Vitalisation      |       |     1 |       ||     1
       Donate Gold       |       |       |     1 ||     1
  Use: Scroll            |       |     3 |       ||     3
       Potion            |       |     1 |     2 ||     3
 Stab: Sleeping          |     1 |       |       ||     1
Armor: Leather armour    |    37 |    64 |    15 ||   116
Dodge: Dodged            |   105 |   157 |    43 ||   305
